| TOP OF THE 1ST |
|
Brooklyn Cyclones batting - Pitching for Milwaukee (NYP) Brewers : RHP Pat Spry
|
|
Pitching: RHP Pat Spry
|
|
|
Batting: RHB Darwin Mills
|
0-0: Called Strike 0-1: Foul Ball, location: 2F 0-2: Strikes out swinging
|
|
Batting: RHB Mike Mathews
|
0-0: Swinging Strike 0-1: Foul Ball, location: 2F 0-2: Foul Ball, location: 2F 0-2: Strikes out swinging
|
|
Batting: SHB Harrison Feist
|
0-0: Ball 1-0: Swinging Strike 1-1: Foul Ball, location: 2F 1-2: Ball 2-2: Ball 3-2: Base on Balls
|
|
Batting: RHB Matt Tittle
|
0-0: Ball 1-0: Called Strike 1-1: Called Strike 1-2: Strikes out looking
|
| Top of the 1st over - 0 runs, 0 hits, 0 errors, 1 left on base; Brooklyn 0 - Milwaukee (NYP) 0 |
| BOTTOM OF THE 1ST |
|
Milwaukee (NYP) Brewers batting - Pitching for Brooklyn Cyclones : RHP Ryan Stegall
|
|
Pitching: RHP Ryan Stegall
|
|
|
Batting: RHB Tristan Smeets
|
0-0: Ground out 4-3 (Groundball, 4, EV 98.8 MPH)
|
|
Batting: RHB Ryan Miller
|
0-0: Called Strike 0-1: Reached on error, E5 (Groundball, 56, EV 85.0 MPH)
|
|
Batting: LHB Tyler Francis
|
0-0: Called Strike 0-1: Foul Ball, location: 2F 0-2: Ball 1-2: Ball 2-2: Strikes out swinging
|
|
Batting: SHB C.J. Olivares
|
0-0: Ball 1-0: SINGLE (Groundball, 4D, EV 98.8 MPH) Ryan Miller to third Runner from 3rd tries for Home, SAFE, throw by CF to home C.J. Olivares to second
|
|
Batting: RHB Juan Villanueva
|
0-0: Ground out 4-3 (Groundball, 34, EV 108.8 MPH)
|
| Bottom of the 1st over - 1 run, 1 hit, 1 error, 1 left on base; Brooklyn 0 - Milwaukee (NYP) 1 |
| TOP OF THE 2ND |
|
Brooklyn Cyclones batting - Pitching for Milwaukee (NYP) Brewers : RHP Pat Spry
|
|
Batting: RHB Mike Patterson
|
0-0: Called Strike 0-1: Ball 1-1: Ground out 5-3 (Groundball, 5, EV 104.4 MPH)
|
|
Batting: RHB Marvin Merino
|
0-0: Called Strike 0-1: Ground out 5-3 (Groundball, 56S, EV 70.0 MPH)
|
|
Batting: RHB Brad Brown
|
0-0: Called Strike 0-1: Ball 1-1: Foul Ball, location: 2F 1-2: Foul Ball, location: 2F 1-2: Strikes out swinging
|
| Top of the 2nd over - 0 runs, 0 hits, 0 errors, 0 left on base; Brooklyn 0 - Milwaukee (NYP) 1 |
| BOTTOM OF THE 2ND |
|
Milwaukee (NYP) Brewers batting - Pitching for Brooklyn Cyclones : RHP Ryan Stegall
|
|
Batting: RHB Herb McIntyre
|
0-0: Called Strike 0-1: Swinging Strike 0-2: Strikes out looking
|
|
Batting: RHB Dusty Bates
|
0-0: Ball 1-0: Ball 2-0: Ground out 5-3 (Groundball, 56, EV 80.0 MPH)
|
|
Batting: RHB Drew Forbess
|
0-0: Ball 1-0: Ball 2-0: SINGLE (Line Drive, 4MD, EV 106.9 MPH)
|
|
Batting: RHB Raymond Young
|
0-0: Fielders Choice at 2nd, 4-6 (Groundball, 4MD, EV 85.6 MPH)
|
| Bottom of the 2nd over - 0 runs, 1 hit, 0 errors, 1 left on base; Brooklyn 0 - Milwaukee (NYP) 1 |
| TOP OF THE 3RD |
|
Brooklyn Cyclones batting - Pitching for Milwaukee (NYP) Brewers : RHP Pat Spry
|
|
Batting: RHB Tyler Lybrand
|
0-0: Ball 1-0: Called Strike 1-1: Swinging Strike 1-2: Ball 2-2: Foul Ball, location: 2F 2-2: Strikes out swinging
|
|
Batting: RHB Barney Pederson
|
0-0: Ball 1-0: Called Strike 1-1: Ball 2-1: Foul Ball, location: 2F 2-2: Strikes out swinging
|
|
Batting: RHB Darwin Mills
|
0-0: Swinging Strike 0-1: Ball 1-1: Ball 2-1: Swinging Strike 2-2: Strikes out swinging
|
| Top of the 3rd over - 0 runs, 0 hits, 0 errors, 0 left on base; Brooklyn 0 - Milwaukee (NYP) 1 |
| BOTTOM OF THE 3RD |
|
Milwaukee (NYP) Brewers batting - Pitching for Brooklyn Cyclones : RHP Ryan Stegall
|
|
Batting: RHB Tristan Smeets
|
0-0: Ball 1-0: Ball 2-0: Foul Ball, location: 2F 2-1: SINGLE (Groundball, 4, EV 98.8 MPH)
|
|
Batting: RHB Ryan Miller
|
0-0: SINGLE (Line Drive, 6M, EV 102.5 MPH) Tristan Smeets to second
|
|
Batting: LHB Tyler Francis
|
0-0: Ball 1-0: Ball 2-0: Called Strike 2-1: SINGLE (Groundball, 34S, EV 66.9 MPH) (infield hit) Tristan Smeets to third Ryan Miller to second
|
|
Batting: SHB C.J. Olivares
|
0-0: Called Strike 0-1: Ball 1-1: Ball 2-1: Foul Ball, location: 2F 2-2: Foul Ball, location: 2F 2-2: Fielders Choice at 2nd, 6-4 (Groundball, 6M, EV 96.9 MPH) Tristan Smeets scores Ryan Miller to third
|
|
Batting: RHB Juan Villanueva
|
0-0: SINGLE (Groundball, 4MD, EV 100.0 MPH) Ryan Miller scores C.J. Olivares to second Runner from 2nd tries for 3rd, SAFE, no throw by CF
|
|
Batting: RHB Herb McIntyre
|
0-0: Ball 1-0: Ball 2-0: Fly out, F7 (Flyball, 78D, EV 103.8 MPH) Runner from 3rd tags up, OUT at HOME! 7-2
|
| Bottom of the 3rd over - 2 runs, 4 hits, 0 errors, 1 left on base; Brooklyn 0 - Milwaukee (NYP) 3 |
| TOP OF THE 4TH |
|
Brooklyn Cyclones batting - Pitching for Milwaukee (NYP) Brewers : RHP Pat Spry
|
|
Batting: RHB Mike Mathews
|
0-0: Called Strike 0-1: Foul Ball, location: 2F 0-2: Strikes out looking
|
|
Batting: SHB Harrison Feist
|
0-0: Fly out, F8 (Flyball, 8RD, EV 89.4 MPH)
|
|
Batting: RHB Matt Tittle
|
0-0: Swinging Strike 0-1: Swinging Strike 0-2: Strikes out swinging
|
| Top of the 4th over - 0 runs, 0 hits, 0 errors, 0 left on base; Brooklyn 0 - Milwaukee (NYP) 3 |
| BOTTOM OF THE 4TH |
|
Milwaukee (NYP) Brewers batting - Pitching for Brooklyn Cyclones : RHP Ryan Stegall
|
|
Batting: RHB Dusty Bates
|
0-0: Ball 1-0: Fly out, F8 (Flyball, 8RXD, EV 92.5 MPH)
|
|
Batting: RHB Drew Forbess
|
0-0: Ball 1-0: Ball 2-0: Foul Ball, location: 2F 2-1: Foul Ball, location: 2F 2-2: Strikes out swinging
|
|
Batting: RHB Raymond Young
|
0-0: SINGLE (Groundball, 56S, EV 61.2 MPH) (infield hit)
|
|
Batting: RHB Tristan Smeets
|
0-0: Ball Raymond Young steals 2nd base 1-0: SINGLE (Flyball, 3D, EV 91.9 MPH) Raymond Young to third Runner from 3rd tries for Home, SAFE, throw by RF to home
|
|
Batting: RHB Ryan Miller
|
0-0: Called Strike 0-1: Ball 1-1: Called Strike 1-2: Ball 2-2: Strikes out swinging
|
| Bottom of the 4th over - 1 run, 2 hits, 0 errors, 1 left on base; Brooklyn 0 - Milwaukee (NYP) 4 |
| TOP OF THE 5TH |
|
Brooklyn Cyclones batting - Pitching for Milwaukee (NYP) Brewers : RHP Pat Spry
|
|
Batting: RHB Mike Patterson
|
0-0: Foul Ball, location: 2F 0-1: Foul Ball, location: 2F 0-2: Ball 1-2: Strikes out swinging
|
|
Batting: RHB Marvin Merino
|
0-0: Called Strike 0-1: Ball 1-1: Ball 2-1: Ball 3-1: Called Strike 3-2: Strikes out looking
|
|
Batting: RHB Brad Brown
|
0-0: Swinging Strike 0-1: Swinging Strike 0-2: Strikes out looking
|
| Top of the 5th over - 0 runs, 0 hits, 0 errors, 0 left on base; Brooklyn 0 - Milwaukee (NYP) 4 |
| BOTTOM OF THE 5TH |
|
Milwaukee (NYP) Brewers batting - Pitching for Brooklyn Cyclones : RHP Ryan Stegall
|
|
Batting: LHB Tyler Francis
|
0-0: Ball 1-0: Swinging Strike 1-1: Ball 2-1: Foul Ball, location: 2F 2-2: Fly out, F8 (Flyball, 8LD, EV 98.1 MPH)
|
|
Batting: SHB C.J. Olivares
|
0-0: Ball 1-0: Called Strike 1-1: Ball 2-1: Ball 3-1: Called Strike 3-2: Strikes out looking
|
|
Batting: RHB Juan Villanueva
|
0-0: Ball 1-0: DOUBLE (Flyball, 78XD, EV 105.6 MPH)
|
|
Batting: RHB Herb McIntyre
|
0-0: Ball 1-0: 2-RUN HOME RUN (Flyball, 7D, EV 100.0 MPH), Distance : 372 ft
|
|
Batting: RHB Dusty Bates
|
0-0: Ground out 5-3 (Groundball, 56, EV 85.6 MPH)
|
| Bottom of the 5th over - 2 runs, 2 hits, 0 errors, 0 left on base; Brooklyn 0 - Milwaukee (NYP) 6 |
| TOP OF THE 6TH |
|
Brooklyn Cyclones batting - Pitching for Milwaukee (NYP) Brewers : RHP Pat Spry
|
|
Batting: RHB Tyler Lybrand
|
0-0: Ball 1-0: Foul Ball, location: 2F 1-1: Foul Ball, location: 2F 1-2: Ball 2-2: Ball 3-2: Foul Ball, location: 2F 3-2: Strikes out swinging
|
|
Batting: RHB Barney Pederson
|
0-0: Ball 1-0: Foul Ball, location: 2F 1-1: Swinging Strike 1-2: Foul Ball, location: 2F 1-2: Strikes out swinging
|
|
Batting: RHB Darwin Mills
|
0-0: Called Strike 0-1: Foul Ball, location: 2F 0-2: Ball 1-2: SINGLE (Flyball, 8LS, EV 97.5 MPH)
|
|
Pitching: RHP Odmar van de Vijver
|
|
|
Batting: RHB Mike Mathews
|
0-0: Called Strike 0-1: Swinging Strike 0-2: Strikes out swinging
|
| Top of the 6th over - 0 runs, 1 hit, 0 errors, 1 left on base; Brooklyn 0 - Milwaukee (NYP) 6 |
| BOTTOM OF THE 6TH |
|
Milwaukee (NYP) Brewers batting - Pitching for Brooklyn Cyclones : RHP Ryan Stegall
|
|
Batting: RHB Drew Forbess
|
0-0: Ball 1-0: Called Strike 1-1: Swinging Strike 1-2: Ball 2-2: Foul Ball, location: 2F 2-2: Ground out 4-3 (Groundball, 34, EV 103.1 MPH)
|
|
Batting: RHB Raymond Young
|
0-0: Foul Ball, location: 5F, Error on foul ball, E5 0-1: Swinging Strike 0-2: Reached on error, E5 (Groundball, 5L, EV 81.2 MPH)
|
|
Batting: RHB Tristan Smeets
|
0-0: Ball 1-0: Ball 2-0: Ball 3-0: Called Strike 3-1: Called Strike 3-2: Foul Ball, location: 2F 3-2: DOUBLE (Flyball, 78XD, EV 94.4 MPH) Raymond Young to third Runner from 3rd tries for Home, SAFE, throw by CF to home
|
|
Batting: RHB Ryan Miller
|
0-0: Ball 1-0: Ball 2-0: Called Strike 2-1: Ball 3-1: Base on Balls
|
|
Batting: LHB Tyler Francis
|
0-0: Called Strike 0-1: Ball 1-1: Foul Ball, location: 2F 1-2: Ball 2-2: Foul Ball, location: 2F 2-2: Strikes out swinging
|
|
Batting: SHB C.J. Olivares
|
0-0: Ball 1-0: Ball 2-0: Ball 3-0: Called Strike 3-1: Base on Balls Tristan Smeets to third Ryan Miller to second
|
|
Pitching: RHP Adrian Colorado
|
|
|
Batting: RHB Juan Villanueva
|
0-0: Ball 1-0: Foul Ball, location: 2F 1-1: SINGLE (Line Drive, 4D, EV 96.9 MPH) Tristan Smeets scores Ryan Miller to third C.J. Olivares to second Throwing error, E8 Ryan Miller scores C.J. Olivares to third Juan Villanueva to second
|
|
Batting: RHB Herb McIntyre
|
0-0: Ball 1-0: Foul Ball, location: 2F 1-1: Ground out 6-3 (Groundball, 6, EV 85.6 MPH)
|
| Bottom of the 6th over - 3 runs, 2 hits, 3 errors, 2 left on base; Brooklyn 0 - Milwaukee (NYP) 9 |
| TOP OF THE 7TH |
|
Brooklyn Cyclones batting - Pitching for Milwaukee (NYP) Brewers : RHP Odmar van de Vijver
|
|
Batting: SHB Harrison Feist
|
0-0: Ball 1-0: Swinging Strike 1-1: Foul Ball, location: 2F 1-2: Strikes out looking
|
|
Batting: RHB Matt Tittle
|
0-0: Ball 1-0: Foul Ball, location: 2F 1-1: Foul Ball, location: 2F 1-2: Foul Ball, location: 2F 1-2: Ball 2-2: Strikes out swinging
|
|
Batting: RHB Mike Patterson
|
0-0: Called Strike 0-1: Called Strike 0-2: Strikes out swinging
|
| Top of the 7th over - 0 runs, 0 hits, 0 errors, 0 left on base; Brooklyn 0 - Milwaukee (NYP) 9 |
| BOTTOM OF THE 7TH |
|
Milwaukee (NYP) Brewers batting - Pitching for Brooklyn Cyclones : RHP Adrian Colorado
|
|
Batting: RHB Dusty Bates
|
0-0: Fly out, F8 (Line Drive, 8LD, EV 93.8 MPH)
|
|
Batting: RHB Drew Forbess
|
0-0: Called Strike 0-1: Ball 1-1: Ground out 6-3 (Groundball, 56, EV 90.6 MPH)
|
|
Batting: RHB Raymond Young
|
0-0: Swinging Strike 0-1: Foul Ball, location: 2F 0-2: Ball 1-2: Foul Ball, location: 2F 1-2: Foul Ball, location: 2F 1-2: Foul Ball, location: 2F 1-2: Ball 2-2: SINGLE (Line Drive, 34, EV 95.6 MPH)
|
|
Pitching: RHP Danny Helm
|
|
|
Batting: RHB Tristan Smeets
|
0-0: Ball 1-0: Foul Ball, location: 2F 1-1: Foul Ball, location: 2F 1-2: Foul Ball, location: 2F 1-2: Ball 2-2: Strikes out swinging
|
| Bottom of the 7th over - 0 runs, 1 hit, 0 errors, 1 left on base; Brooklyn 0 - Milwaukee (NYP) 9 |
| TOP OF THE 8TH |
|
Brooklyn Cyclones batting - Pitching for Milwaukee (NYP) Brewers : RHP Odmar van de Vijver
|
|
Batting: RHB Marvin Merino
|
0-0: Swinging Strike 0-1: Ball 1-1: Foul Ball, location: 2F 1-2: Foul Ball, location: 2F 1-2: Foul Ball, location: 2F 1-2: Foul Ball, location: 2F 1-2: Ball 2-2: Strikes out swinging
|
|
Batting: RHB Brad Brown
|
0-0: Called Strike 0-1: Swinging Strike 0-2: Strikes out swinging
|
|
Batting: RHB Tyler Lybrand
|
0-0: Swinging Strike 0-1: Ball 1-1: Called Strike 1-2: Strikes out swinging
|
| Top of the 8th over - 0 runs, 0 hits, 0 errors, 0 left on base; Brooklyn 0 - Milwaukee (NYP) 9 |
| BOTTOM OF THE 8TH |
|
Milwaukee (NYP) Brewers batting - Pitching for Brooklyn Cyclones : RHP Danny Helm
|
|
Batting: RHB Ryan Miller
|
0-0: Ball 1-0: Ball 2-0: Ball 3-0: Called Strike 3-1: Base on Balls
|
|
Batting: LHB Tyler Francis
|
0-0: Called Strike 0-1: Ball 1-1: Ball 2-1: SINGLE (Groundball, 6D, EV 103.1 MPH) Ryan Miller to second
|
|
Batting: SHB C.J. Olivares
|
0-0: Ball 1-0: Called Strike 1-1: Called Strike 1-2: Ball 2-2: DOUBLE (Line Drive, 78D, EV 113.1 MPH) Ryan Miller scores Tyler Francis to third
|
|
Pinch Hitting: LHB Sal Burgos
|
0-0: Ball 1-0: Called Strike 1-1: Called Strike 1-2: Foul Ball, location: 2F 1-2: Ground out U3 (Groundball, 34, EV 88.8 MPH) Tyler Francis scores C.J. Olivares to third
|
|
Batting: RHB Herb McIntyre
|
0-0: Called Strike 0-1: Called Strike 0-2: Strikes out swinging
|
|
Batting: RHB Dusty Bates
|
0-0: Ball 1-0: Ball Balk! C.J. Olivares scores 2-0: Called Strike 2-1: Foul Ball, location: 2F 2-2: Ball 3-2: Base on Balls
|
|
Batting: RHB Drew Forbess
|
0-0: Foul Ball, location: 2F 0-1: Fly out, F8 (Line Drive, 8RM, EV 111.2 MPH)
|
| Bottom of the 8th over - 3 runs, 2 hits, 0 errors, 1 left on base; Brooklyn 0 - Milwaukee (NYP) 12 |
| TOP OF THE 9TH |
|
Brooklyn Cyclones batting - Pitching for Milwaukee (NYP) Brewers : RHP Odmar van de Vijver
|
|
Pitching: LHP Tim Phillips
|
|
|
Now in CF: Sal Burgos
|
|
|
Batting: RHB Barney Pederson
|
0-0: Foul Ball, location: 2F 0-1: Foul Ball, location: 2F 0-2: Strikes out swinging
|
|
Batting: RHB Darwin Mills
|
0-0: Ground out 6-3 (Groundball, 6, EV 81.2 MPH)
|
|
Batting: RHB Mike Mathews
|
0-0: Swinging Strike 0-1: Called Strike 0-2: Ball 1-2: Strikes out swinging
|
| Top of the 9th over - 0 runs, 0 hits, 0 errors, 0 left on base; Brooklyn 0 - Milwaukee (NYP) 12 |
|